 Dungeon Crawl Stone Soup version 0.29.1-1-gd02db6906a (webtiles) character file.

Game seed: 16842820433497275335

929 safid the Skirmisher (level 7, -2/57 HPs)
             Began as a Minotaur Hunter on Oct 18, 2022.
             Slain by Pikel
             ... wielding a +2 whip of flaming
              (4 damage)
             ... on level 5 of the Dungeon.
             The game lasted 00:08:07 (5947 turns).

safid the Skirmisher (Minotaur Hunter)              Turns: 5947, Time: 00:08:07

Health: -2/57      AC:  5    Str: 15    XL:     7   Next: 85%
Magic:  6/6        EV: 11    Int:  6    God:
Gold:   237        SH:  0    Dex: 16    Spells: 6/6 levels left

rFire   . . .      SeeInvis .   o - +0 longbow
rCold   . . .      Faith    .   (shield currently unavailable)
rNeg    . . .      Spirit   .   d - +0 ring mail
rPois   .          Reflect  .   (helmet restricted)
rElec   .          Harm     .   (no cloak)
rCorr   .          Rampage  .   (no gloves)
Will    .....                   (no boots)
Stlth   +.........              (no amulet)
HPRegen 0.19/turn               (no ring)
MPRegen 0.10/turn               (no ring)

@: no status effects
A: horns 2, retaliatory headbutt
a: no special abilities


You were on level 5 of the Dungeon.
You visited 1 branch of the dungeon, and saw 5 of its levels.

You collected 237 gold pieces.

Inventory:

Hand Weapons
 o - a +0 longbow (weapon)
Missiles
 i - 5 javelins
 x - 2 throwing nets
Armour
 d - a +0 ring mail (worn)
Scrolls
 b - a scroll of immolation
 e - 3 scrolls of poison {unknown}
 f - 5 scrolls of identify {unknown}
 l - a scroll of brand weapon {unknown}
 m - a scroll of magic mapping {unknown}
 n - 4 scrolls of teleportation {unknown}
 p - a scroll of summoning {unknown}
 s - 2 scrolls of enchant weapon {unknown}
 t - a scroll of enchant armour {unknown}
 u - a scroll of torment {unknown}
 v - a scroll of fear {unknown}
 y - a scroll of acquirement {unknown}
 z - 2 scrolls of amnesia {unknown}
 A - a scroll of silence {unknown}
Potions
 a - a potion of berserk rage {unknown}
 c - a potion of heal wounds
 g - 8 potions of curing
 h - a potion of might {unknown}
 j - 2 potions of degeneration {unknown}
 k - 4 potions of flight {unknown}
 q - a potion of invisibility {unknown}
 r - 2 potions of brilliance {unknown}
 w - a potion of magic {unknown}
 B - a potion of cancellation {unknown}


   Skills:
 - Level 3.0 Fighting
 + Level 10.7 Ranged Weapons
 - Level 2.1 Dodging
 - Level 0.7 Stealth


You had 6 spell levels left.
You didn't know any spells.
Your spell library contained the following spells:

 Spells                   Type           Power      Damage    Failure   Level
 Magic Dart               Conj           0%         1d3       69%         1
 Call Imp                 Summ           0%         N/A       83%         2
 Static Discharge         Conj/Air       0%         3-3/arc   83%         2
 Mephitic Cloud           Conj/Pois/Air  0%         N/A       96%         3
 Dispel Undead            Necr           0%         3d6       100%        4
 Petrify                  Tmut/Erth      0%         N/A       100%        4
 Sticky Flame             Conj/Fire      0%         2d3       100%        4
 Metabolic Englaciation   Hex/Ice        0%         N/A       100%        5
 Statue Form              Tmut/Erth      0%         N/A       100%        6


Dungeon Overview and Level Annotations

Branches:
Dungeon (5/15)
 Temple: D:4-7

Altars:
Trog

Shops:
D:3 *   D:5 [

Annotations:
D:5 Pikel


Innate Abilities, Weirdness & Mutations

You have a pair of horns on your head.
You reflexively headbutt those who attack you in melee.


Message History

Pikel hits you with a +2 whip of flaming.
Pikel burns you.
You are too injured to fight recklessly!
You are too injured to fight recklessly!
You are too injured to fight recklessly!
Fire: o) +0 longbow
Press: ? - help, Q - select action, (/) - cycle Shift-Dir - straight line, f/p - Pikel
Aim: Pikel, wielding a +2 whip of flaming and wearing a +0 robe (almost dead, 58% to hit)
You shoot an arrow. The arrow barely misses Pikel.
The arrow hits the lemure but does no damage.
The lemure is heavily wounded.
Pikel hits you with a +2 whip of flaming.
Pikel burns you.
Fire: o) +0 longbow
Press: ? - help, Q - select action, (/) - cycle Shift-Dir - straight line, f/p - Pikel
Aim: Pikel, wielding a +2 whip of flaming and wearing a +0 robe (almost dead, 58% to hit)
You shoot an arrow.
The arrow hits Pikel but does no damage.
Pikel is almost dead.
Pikel misses you. You furiously retaliate!
You headbutt Pikel.
Fire: o) +0 longbow
Press: ? - help, Q - select action, (/) - cycle Shift-Dir - straight line, f/p - Pikel
Aim: Pikel, wielding a +2 whip of flaming and wearing a +0 robe (almost dead, 58% to hit)
You shoot an arrow. The arrow barely misses Pikel.
The arrow hits the lemure!
The lemure is almost dead.
Pikel hits you but does no damage.
Pikel hits you with a +2 whip of flaming!
* * * LOW HITPOINT WARNING * * *
Pikel burns you.
* * * LOW HITPOINT WARNING * * *
Fire: o) +0 longbow
Press: ? - help, Q - select action, (/) - cycle Shift-Dir - straight line, f/p - Pikel
Aim: Pikel, wielding a +2 whip of flaming and wearing a +0 robe (almost dead, 58% to hit)
You shoot an arrow. The arrow closely misses Pikel.
The arrow hits the lemure.
You kill the lemure!
That felt strangely unrewarding.
Pikel hits you with a +2 whip of flaming!
* * * LOW HITPOINT WARNING * * *
Pikel burns you.
You die...

#...#..# #..
#..##..# #..
#..##..# #..
##..##.## ##.
##...#..# ##
##.......# #
###........#
###...#####..#
###...### ##@#
###...### #K##
#...### #55#
..### ####
##5## ###
#..####..#
#....###.#
#.....#..##
##.........##
#...........##


You could see Pikel and 3 lemures.

Vanquished Creatures
  Grinder (D:3)
  An ogre (D:5)
  A lemure (D:5)
  A gnoll sergeant (D:5)
  3 scorpions
  A howler monkey (D:4)
  A hound (D:4)
  A jelly (D:5)
  A gnoll bouda (D:4)
  An iguana (D:5)
  Robin (D:3)
  4 adders
  11 gnolls
  An ufetubus (D:5)
  2 worms
  2 dart slugs
  7 orcs
  12 endoplasms
  5 giant cockroaches
  15 goblins
  11 hobgoblins
  4 quokkas
  7 ball pythons
  A ball python zombie (D:2)
  4 bats
  4 frilled lizards
  3 kobolds
106 creatures vanquished.

Notes
Turn   | Place    | Note
-------+----------+-------------------------------------------
     0 | D:1      | safid the Minotaur Hunter began the quest for the Orb.
     0 | D:1      | Reached XP level 1. HP: 18/18 MP: 0/0
   183 | D:1      | Reached XP level 2. HP: 26/26 MP: 1/1
   432 | D:1      | Reached skill level 5 in Ranged Weapons
  1046 | D:2      | Reached XP level 3. HP: 22/31 MP: 2/2
  1384 | D:2      | Found a bloodstained altar of Trog.
  1537 | D:3      | Reached skill level 6 in Ranged Weapons
  1537 | D:3      | Reached XP level 4. HP: 34/38 MP: 3/3
  1693 | D:3      | Noticed Robin
  1701 | D:3      | Killed Robin
  1993 | D:3      | Noticed Grinder
  2005 | D:3      | Paralysed by Grinder for 3 turns
  2015 | D:3      | Killed Grinder
  2016 | D:3      | Reached skill level 8 in Ranged Weapons
  2016 | D:3      | Reached XP level 5. HP: 7/45 MP: 4/4
  2016 | D:3      | Reached XP level 6. HP: 8/51 MP: 5/5
  2706 | D:3      | Found Hits's Assorted Antiques.
  3361 | D:4      | Reached skill level 9 in Ranged Weapons
  3441 | D:4      | Reached XP level 7. HP: 46/57 MP: 6/6
  4454 | D:5      | Entered Level 5 of the Dungeon
  4657 | D:5      | Found Ablow's Antique Armour Emporium.
  5081 | D:5      | Reached skill level 10 in Ranged Weapons
  5913 | D:5      | Noticed Pikel
  5947 | D:5      | HP: 2/57 [Pikel/+2 whip of flaming (10)]
  5947 | D:5      | Slain by Pikel

Illustrated notes

Levels and vault maps discovered:
D:1:      spicycebolla_arrival_ecumenical, layout_loops_ring
D:2:      layout_loops_ring, serial_undead, serial_undead_e, serial_undead_d,
          serial_undead_d, serial_undead_b, basic_altar
D:3:      layout_basic, serial_aquarium, aquarium_bridge_square
          [aquarium_subvault_bridge, aquarium_subvault_bridge,
          aquarium_subvault_bridge, aquarium_subvault_balcony],
          aquarium_window_2, aquarium_window_fake, aquarium_window_2,
          aquarium_view_4, serial_shops, nicolae_shop_overgrown_old_shop,
          nicolae_figureground_pulse, uniq_robin, uniq_grinder
D:4:      layout_basic, serial_bayou_pond_a, dk_noncrumbling_2,
          minmay_starry_boxes
D:5:      layout_cave_pods, serial_shops,
          nicolae_shop_competitors_out_of_business, uniq_pikel

Skill      XL: |  1  2  3  4  5  6  7 |
---------------+----------------------+-----
Fighting       | 3 |  3.0
Ranged Weapons | 5 6 8 9 10 | 10.7
Dodging        | |  2.1
Stealth        | |  0.7

Action                   |  1- 3 |  4- 6 |  7- 9 || total
-------------------------+-------+-------+-------++-------
 Fire: Shortbow          |    90 |     4 |       ||    94
       Longbow           |       |   123 |   124 ||   247
  Use: Potion            |       |       |     1 ||     1
Armor: Ring mail         |     6 |    22 |    14 ||    42
Dodge: Dodged            |    12 |    51 |    52 ||   115
